 Dungeon Crawl Stone Soup version 0.30-a0-632-g346586fe48 (webtiles) character file.

Game seed: 7757851937215528784

98 porpoise the Chopper (level 5, 0/42 HPs)
             Began as a Formicid Monk on Jan 14, 2023.
             Slain by a jelly (3 damage)
             ... on level 3 of the Dungeon.
             The game lasted 00:06:41 (1960 turns).

porpoise the Chopper (Formicid Monk)                Turns: 1960, Time: 00:06:42

Health: 0/42       AC: -8    Str: 18    XL:     5   Next: 1%
Magic:  5/5        EV: 12    Int:  9    God:
Gold:   67         SH:  0    Dex: 16    Spells: 4/4 levels left

rFire   . . .      SeeInvis +    a - +0 hand axe
rCold   + . .      Faith    .    (no shield)
rNeg    . . .      Spirit   .    s - +0 leather armour
rPois   .          Reflect  .    (helmet unavailable)
rElec   .          Harm     .    (no cloak)
rCorr   .          Rampage  .    e - +0 pair of gloves
Will    .....                    (no boots)
Stlth   ++                       g - amulet of the acrobat
HPRegen 0.27/turn                p - ring of protection from cold
MPRegen 0.09/turn                (no ring)

@: corroded
A: permanent stasis, dig shafts and tunnels, antennae 3, four strong arms
a: Dig, Shaft Self


You were on level 3 of the Dungeon.
You visited 1 branch of the dungeon, and saw 3 of its levels.

You collected 67 gold pieces.

Inventory:

Hand Weapons
 a - a +0 hand axe (weapon)
 b - a +0 sling
Missiles
 m - a throwing net
Armour
 e - a +0 pair of gloves (worn)
 s - a +0 leather armour (worn)
Jewellery
 g - an amulet of the acrobat (around neck)
 p - a ring of protection from cold (left hand)
 r - a ring of ice
Wands
 l - a wand of iceblast (8)
Scrolls
 d - a scroll of noise {unknown}
 f - a scroll of brand weapon {unknown}
 j - a scroll of immolation {unknown}
 k - a scroll of amnesia {unknown}
 q - a scroll of torment
Potions
 c - a potion of ambrosia
 h - 4 potions of curing
 i - a potion of lignification
 n - a potion of magic {unknown}


   Skills:
 + Level 4.2 Fighting
 * Level 4.6 Axes
 - Level 2.6 Dodging
 - Level 2.4 Stealth


You had 4 spell levels left.
You didn't know any spells.
Your spell library contained the following spells:

 Spells                   Type           Power      Damage    Failure   Level
 Frozen Ramparts          Ice            0%         1d1       82%         3
 Ice Form                 Ice/Tmut       0%         N/A       99%         4
 Summon Ice Beast         Ice/Summ       0%         N/A       99%         4


Dungeon Overview and Level Annotations

Branches:
Dungeon (3/15)

Altars:
Ashenzari


Innate Abilities, Weirdness & Mutations

You cannot be hasted, slowed, berserked, paralysed or teleported.
You can dig through walls and to a lower floor.
You have a pair of large antennae on your head. (SInv)
Your four strong arms can wield two-handed weapons with a shield.


Message History

You hit Jessica.
Jessica is severely wounded.
Jessica hits you with a +0 dagger.
You slash Jessica!
You kill Jessica!
You have reached level 5!
There is an open door here.
Things that are here:
a +0 dagger; a +0 robe; the human corpse of Jessica
Found a stone staircase leading down.
A jelly comes into view.
The jelly moves out of view.
Found a stone staircase leading up.
You strike the helpless jelly from behind!
You hit the jelly.
Your hands burn!
The jelly is lightly wounded.
The jelly misses you.
You slash the jelly!
Your hands burn!
The jelly is heavily wounded.
The jelly hits you. The acid corrodes you!
You are splashed with acid!
You barely miss the jelly.
The jelly is heavily wounded.
The jelly barely misses you.
You hit the jelly but do no damage.
Your hands burn!
The jelly is heavily wounded.
The jelly closely misses you.
You hit the jelly but do no damage. The acid corrodes you!
Your hands burn!
The jelly is heavily wounded.
The jelly closely misses you. The jelly hits you.
You are splashed with acid!
* * * LOW HITPOINT WARNING * * *
You are too injured to fight recklessly!
You hit the jelly. The acid corrodes you!
Your hands burn!
* * * LOW HITPOINT WARNING * * *
The jelly is severely wounded.
The jelly closely misses you.
You hit the jelly but do no damage.
Your hands burn!
* * * LOW HITPOINT WARNING * * *
The jelly is severely wounded.
The jelly hits you.
You die...

.......#....####.##.#
.............[....#.#
......#.##)#####....#
#.....#.##.# #....#
##....#....## #....#
.#####..####..#.#
.........##....#...
...##.....#.#J.#####.
.......#..>.@.......
####.#.#.#.#..####..
#.#.#.#.#<.#
#.#.#.#.####
#.#.#.#.. #.#.###
#.#.. #..


You could see a jelly.

Vanquished Creatures
  Jessica (D:3)
  3 adders (D:2)
  2 worms
  A dart slug (D:2)
  4 ball pythons
  2 endoplasms (D:2)
  3 goblins (D:2)
  5 hobgoblins
  2 jackals (D:2)
  4 quokkas
  3 bats
  4 frilled lizards
  4 kobolds
  2 rats
40 creatures vanquished.

Notes
Turn   | Place    | Note
-------+----------+-------------------------------------------
     0 | D:1      | porpoise the Formicid Monk began the quest for the Orb.
     0 | D:1      | Reached XP level 1. HP: 18/18 MP: 1/1
   493 | D:1      | Reached XP level 2. HP: 18/24 MP: 2/2
   544 | D:1      | Found a faded altar of an unknown god.
   843 | D:2      | Reached XP level 3. HP: 28/30 MP: 3/3
  1297 | D:2      | Reached XP level 4. HP: 25/37 MP: 4/4
  1583 | D:2      | Found a broken altar of Ashenzari.
  1710 | D:2      | Identified the +1 leather armour "Ovapot" {rCorr Dex+5}
  1932 | D:3      | Noticed Jessica
  1942 | D:3      | Killed Jessica
  1943 | D:3      | Reached XP level 5. HP: 41/42 MP: 5/5
  1960 | D:3      | Slain by a jelly

Illustrated notes

Levels and vault maps discovered:
D:1:      minmay_arrival_four_loops, layout_loops_ring,
          hellmonk_ecumenical_altar_inner_sanctum, hangedman_decor_push
D:2:      layout_basic, basic_altar
D:3:      layout_basic, amcnicky_mini_pool_small, minmay_cupped, uniq_sigmund,
          uniq_jessica

Skill      XL: |  1  2  3  4 |
---------------+-------------+-----
Axes           | 4 |  4.6
Fighting       | 4 |  4.2
Dodging        | |  2.6
Stealth        | |  2.4

Action                   |  1- 3 |  4- 6 || total
-------------------------+-------+-------++-------
Melee: Hand axe          |    89 |    32 ||   121
       Punch             |     1 |       ||     1
 Fire: Sling             |       |    17 ||    17
  Use: Scroll            |       |     3 ||     3
 Stab: Sleeping          |     6 |     1 ||     7
       Distracted        |       |     1 ||     1
Armor: Robe              |    21 |     6 ||    27
Dodge: Dodged            |    48 |    23 ||    71

Table legend: (Time is in decaauts)
 A = Elapsed time spent in this place.
 B = Non-inter-level travel time spent in this place.
 C = Inter-level travel time spent in this place.
 D = Time resting spent in this place.
 E = Time spent auto-exploring this place.
 F = Levels seen in this place.
 G = Mean time per level.
                   A        B        C        D        E       F      G
               +--------+--------+--------+--------+--------+-----+--------+
         Total |   1975 |   1893 |     82 |    224 |   1245 |   3 |  658.3 |
       Dungeon |   1975 |   1893 |     82 |    224 |   1245 |   3 |  658.3 |
               +--------+--------+--------+--------+--------+-----+--------+

Top non-repeatable levels by time:
     D:2: 1023 daAuts
     D:1: 775 daAuts
     D:3: 176 daAuts
